 Dungeon Crawl Stone Soup version 0.27-b1-42-g19c61b19a5 (webtiles) character file.

Game seed: 9425073695687352600

221 Urokeeper the Cutter (level 5, -5/39 HPs)
             Began as a Vampire Gladiator on July 29, 2021.
             Slain by a gnoll (13 damage)
             ... on level 3 of the Dungeon.
             The game lasted 00:12:06 (2682 turns).

Urokeeper the Cutter (Vampire Gladiator)            Turns: 2682, Time: 00:12:07

Health: -5/39      AC:  7    Str: 13    XL:     5   Next: 65%
Magic:  5/5        EV: 12    Int: 10    God:
Gold:   91         SH:  0    Dex: 17    Spells: 4/4 levels left

rFire    . . .     SeeInvis +   a - +0 rapier
rCold    . . .     Faith    .   (no shield)
rNeg     . . .     Spirit   .   j - +0 ring mail
rPois    .         Reflect  .   c - +0 helmet
rElec    .         Harm     .   f - +0 cloak
rCorr    .         Rampage  .   (no gloves)
Will     .....                  (no boots)
Stlth    ++........             (no amulet)
HPRegen  0.33/turn              (no ring)
MPRegen  0.09/turn              (no ring)

@: healing quickly
A: alive, fangs 3, see invisible, vampiric 2
a: Exsanguinate


You were on level 3 of the Dungeon.
You visited 1 branch of the dungeon, and saw 3 of its levels.

You collected 91 gold pieces.

Inventory:

Hand Weapons
 a - a +0 rapier (weapon)
Missiles
 d - a throwing net
 k - 34 poisoned darts (quivered)
 p - 3 boomerangs
Armour
 c - a +0 helmet (worn)
 f - a +0 cloak (worn)
 j - a +0 ring mail (worn)
Wands
 o - a wand of iceblast (7)
Scrolls
 b - a scroll of fear {unknown}
 g - a scroll of teleportation {unknown}
 h - 2 scrolls of identify {unknown}
 l - a scroll of amnesia {unknown}
 n - a scroll of enchant armour {unknown}
Potions
 e - 2 potions of degeneration
 i - a potion of ambrosia {unknown}
 m - a potion of haste {unknown}


   Skills:
 + Level 2.4 Fighting
 + Level 5.2 Short Blades
 + Level 1.9 Throwing
 + Level 1.1 Armour
 + Level 4.1 Dodging
 * Level 3.1 Stealth


You had 4 spell levels left.
You didn't know any spells.
Your spell library was empty.

Dungeon Overview and Level Annotations

Branches:
Dungeon (3/15)

Altars:

Annotations:
D:3 2 transporters, seveneves's ghost, weakling MiFi


Innate Abilities, Weirdness & Mutations

Your natural rate of healing is accelerated.
You have razor-sharp teeth.
You have supernaturally acute eyesight. (SInv)
You are afflicted with vampirism and can become a bat while bloodless.


Message History

The gnoll hits you from afar with a +0 halberd!
The gnoll hits you with a +0 halberd!
Things that are here:
15 stones; a +0 dagger You barely miss the gnoll.
The gnoll hits you with a +0 halberd.
You hit the gnoll but do no damage. The gnoll hits you but does no damage.
You hit the gnoll.
The gnoll is lightly wounded.
The gnoll hits you with a +0 halberd.
You puncture the gnoll!
The gnoll is severely wounded.
You hit the gnoll but do no damage. You bite the gnoll, but do no damage.
The gnoll is severely wounded.
The gnoll closely misses you.
You barely miss the gnoll. You bite the gnoll.
The gnoll is severely wounded.
The gnoll completely misses you.
You barely miss the gnoll.
The gnoll is severely wounded.
The gnoll misses you.
You barely miss the gnoll.
The gnoll is severely wounded.
The gnoll barely misses you.
You barely miss the gnoll.
The gnoll is severely wounded.
The gnoll misses you.
You barely miss the gnoll.
The gnoll is severely wounded.
The gnoll misses you.
You hit the gnoll but do no damage.
The gnoll is severely wounded.
The gnoll hits you with a +0 halberd!
* * * LOW HITPOINT WARNING * * *
You closely miss the gnoll.
The gnoll is severely wounded.
The gnoll closely misses you.
You hit the gnoll.
The gnoll is almost dead.
The gnoll hits you with a +0 halberd!
You die...

≈.≈...≈≈≈....≈.≈≈≈≈..≈..≈≈≈≈≈≈≈.≈
.................................
............)..........)...†.....
#..####.#####.#....###.##########
##.##..>......K##### #.#
...##.#.######)# #.##########
##.##.#........# ####..........#
##<.....<#####K####.............#
.#.#####)#####Kg@....####.#####.#
...### #)##....####..####.##....#
.....# #.##.##.##............##..
...#.# #.#...#.##.#..#.##.#.###.#
..##[# #...............##.......#
..##.# ###...####.#.............#
#.##.# #...# #.###.......#####
#.##.#####...####.###.##.........
..................##...#.##.#....


You could see a gnoll and 2 kobolds.

Vanquished Creatures
  A scorpion (D:3)
  9 gnolls (D:3)
  An adder (D:3)
  A worm (D:3)
  2 dart slugs
  5 bats
  4 endoplasms
  2 giant cockroaches
  2 hobgoblins
  5 jackals
  A quokka (D:1)
  2 frilled lizards
  7 goblins
  18 kobolds
  3 rats
63 creatures vanquished.

Vanquished Creatures (others)
  6 plants (D:3)
6 creatures vanquished.

Grand Total: 69 creatures vanquished

Notes
Turn   | Place    | Note
-------+----------+-------------------------------------------
     0 | D:1      | Urokeeper the Vampire Gladiator began the quest for the
                  | Orb.
     0 | D:1      | Reached XP level 1. HP: 16/16 MP: 1/1
   221 | D:1      | Reached XP level 2. HP: 22/22 MP: 2/2
   707 | D:1      | Reached skill level 4 in Short Blades
  1109 | D:2      | Found a faded altar of an unknown god.
  1115 | D:2      | Gained mutation: You are afflicted with vampirism and can
                  | become a bat while bloodless. [Vampire growth]
  1115 | D:2      | Reached XP level 3. HP: 25/27 MP: 3/3
  1134 | D:2      | Reached skill level 1 in Stealth
  1791 | D:3      | Noticed a scorpion
  1819 | D:3      | Killed a scorpion
  1820 | D:3      | Reached XP level 4. HP: 4/33 MP: 4/4
  1957 | D:3      | Found a transporter.
  2035 | D:3      | Found a transporter.
  2036 | D:3      | Identified the +1 ring mail of Veama {Harm Drain +Blink
                  | Int+6}
  2036 | D:3      | Noticed a gnoll sergeant
  2072 | D:3      | Reached XP level 5. HP: 17/38 MP: 5/5
  2268 | D:3      | Noticed seveneves's ghost (weakling MiFi)
  2446 | D:3      | Reached skill level 5 in Short Blades
  2446 | D:3      | Reached skill level 1 in Armour
  2682 | D:3      | Slain by a gnoll

Illustrated notes

Levels and vault maps discovered:
D:1:      dpeg_arrival_round_a, layout_basic
D:2:      layout_loops_ring, hellmonk_ecumenical_altar_slurped_away
D:3:      minmay_goblin_kobold_castle, layout_loops_cross,
          gammafunk_ghost_gnarly_gnolls

Skill      XL: |  1  2  3  4  5 |
---------------+----------------+-----
Short Blades   | 4 5 |  5.2
Stealth        | 2 3 |  3.1
Fighting       | 2 |  2.4
Dodging        | 4 |  4.1
Armour         | 1 |  1.1
Throwing       | |  1.9

Action                   |  1- 3 |  4- 6 || total
-------------------------+-------+-------++-------
Melee: Rapier            |   102 |   102 ||   204
       Bite              |     7 |     9 ||    16
Throw: Dart              |     5 |       ||     5
       Throwing net      |     3 |       ||     3
  Use: Potion            |     1 |       ||     1
Armor: Leather armour    |    11 |       ||    11
       Ring mail         |    25 |    20 ||    45
Dodge: Dodged            |    59 |    67 ||   126
